 Dungeon Crawl Stone Soup version 0.25-a0-668-gea548f19b6 (webtiles) character file.

Game seed: 14417948590929317609, levelgen mode: deterministic

36 grulito the Conjurer (level 3, -3/26 HPs)
             Began as a Draconian Conjurer on Mar 28, 2020.
             Killed by nerve-wracking pain
             ... invoked by Jessica
              (7 damage)
             ... on level 3 of the Dungeon.
             The game lasted 00:05:40 (1270 turns).

grulito the Conjurer (Draconian Conjurer)           Turns: 1270, Time: 00:05:41

Health: -3/26      AC:  5    Str: 10    XL:     3   Next: 19%
Magic:  6/6        EV: 12    Int: 16    God:
Gold:   76         SH:  0    Dex: 11    Spells: 5/6 levels left

rFire    . . .     SeeInvis .   (no weapon)
rCold    . . .     Gourm    .   (no shield)
rNeg     . . .     Faith    .   (armour unavailable)
rPois    .         Spirit   .   (helmet restricted)
rElec    .         Reflect  .   (no cloak)
rCorr    .         Harm     .   (no gloves)
MR       .....                  (no boots)
Stlth    ++........             (no amulet)
HPRegen  0.08/turn              (no ring)
MPRegen  0.10/turn              (no ring)

@: slowed, very slow
A: unfitting armour, cold-blooded, AC +5
a: no special abilities


You were on level 3 of the Dungeon.
You were not hungry.

You visited 1 branch of the dungeon, and saw 3 of its levels.

You collected 76 gold pieces.

Inventory:

Missiles
 g - 21 bolts
Jewellery
 f - a +5 ring of strength {unknown}
Scrolls
 a - 2 scrolls of enchant weapon {unknown}
 c - a scroll of amnesia {unknown}
 e - a scroll of blinking {unknown}
 i - a scroll of noise {unknown}
Potions
 d - a potion of degeneration {unknown}
 h - a potion of heal wounds {unknown}
 j - a potion of curing {unknown}
 l - 3 potions of stabbing {unknown}
Comestibles
 b - 2 rations


   Skills:
 + Level 2.0 Dodging
 + Level 1.9 Stealth
 + Level 0.5 Unarmed Combat
 + Level 2.1 Spellcasting
 + Level 4.6 Conjurations


You had 5 spell levels left.
You knew the following spells:

 Your Spells              Type           Power        Failure   Level  Hunger
a - Magic Dart            Conj           ###.         3%          1    #......

Your spell library contained the following spells:

 Spells                   Type           Power        Failure   Level  Hunger
 Searing Ray              Conj           ###...       4%          2    ###....
 Dazzling Flash           Conj/Hex       #.....       24%         3    ###....
 Fulminant Prism          Conj/Hex       #.........   61%         4    #####..
 Iskenderun's Mystic Bla  Conj/Tloc      #.......     61%         4    #####..


Dungeon Overview and Level Annotations

Branches:
Dungeon (2/15)

Altars:
Ashenzari

Annotations:
D:3 Jessica


Innate Abilities, Weirdness & Mutations

Your plain brown scales are hard. (AC +5)
You cannot fit into any form of body armour.
You are cold-blooded and may be slowed by cold attacks.


Message History

Confirm with . or Enter, or press ? or * to list all spells.
Aiming: Magic Dart (safe; 3% risk of failure)
Press: ? - help, Shift-Dir - straight line, f - frilled lizard
Aim: a frilled lizard (resting)
The magic dart hits the frilled lizard.
You kill the frilled lizard!
Jessica the Apprentice Sorceress comes into view.
She is wielding a +1 dagger of holy wrath.
Jessica shouts!
Jessica points at you and mumbles some strange words.
Pain shoots through your body!
Jessica points at you and mumbles some strange words.
You feel yourself slow down.
All of the chunks of flesh in your inventory have rotted away.
Jessica casts a spell at you. Pain shoots through your body!
Ouch! That really hurt!
* * * LOW HITPOINT WARNING * * *
Jessica gestures at you while chanting. Pain shoots through your body!
You die...

.+....#####. #.# #.#.#
.#........# #.# #.#.#
.#........# #.# #.#.#
.#........# #.# #.#.#
.####.#####.# #.# #.#.#
............# #.######.#.#
.####.##########........#.#
#####.....................##
.)..............@..@.......#
#
##########################.#
.# #.# .### #.##....
#.#...@. #### #.#..... .>.#
#.@..... ...# ###..... ...#
.....


You could see Jessica.

Vanquished Creatures
  2 dart slugs
  3 leopard geckos
  4 bats
  2 giant cockroaches (D:1)
  5 goblins (D:1)
  2 hobgoblins
  3 frilled lizards
  3 kobolds
  7 rats
31 creatures vanquished.

Notes
Turn   | Place    | Note
-------+----------+-------------------------------------------
     0 | D:1      | grulito the Draconian Conjurer began the quest for the Orb.
     0 | D:1      | Reached XP level 1. HP: 14/14 MP: 3/3
   178 | D:1      | Reached XP level 2. HP: 20/20 MP: 0/5
   722 | D:1      | Found a shattered altar of Ashenzari.
  1021 | D:2      | Reached XP level 3. HP: 21/26 MP: 2/6
  1035 | D:2      | You fall into a shaft and drop 1 floor!
  1255 | D:3      | Noticed Jessica
  1270 | D:3      | Killed from afar by Jessica

Levels and vault maps discovered:
D:1:      heliophobic_arrival_battle_scene, layout_loops_ring,
          nicolae_ashenzari_panopticon
D:2:      layout_rooms, chequers_ecumenical_altar_simple_redux,
          nicolae_qazlal_general_emergency, uniq_terence
D:3:      layout_basic, minmay_misc_feat_enclosed, uniq_jessica

Skill      XL: |  1  2 |
---------------+-------+-----
Dodging        | 2 |  2.0
Stealth        | |  1.9
Unarmed Combat | |  0.5
Spellcasting   | |  2.1
Conjurations   | |  4.6

Action                   || total
-------------------------++-------
Melee: Unarmed           ||    72
       Tailslap          ||     7
 Cast: Magic Dart        ||    47
  Eat: Chunk             ||     2
Armor: Skin              ||    30
Dodge: Dodged            ||    69

Table legend:
 A = Non-vault XP
 B = Vault XP
 C = Vault XP percentage of total XP
 D = Non-vault monster count
 E = Vault monster count
 F = Vault count percentage of total count
                 A         B        C        D         E       F
            +---------+---------+-------+---------+---------+-------
      Total |      52 |       0 |   0.0 |      31 |       0 |   0.0
            +---------+---------+-------+---------+---------+-------
        D:1 |      38 |       0 |   0.0 |      24 |       0 |   0.0
        D:2 |       5 |       0 |   0.0 |       3 |       0 |   0.0
        D:3 |       9 |       0 |   0.0 |       4 |       0 |   0.0
            +---------+---------+-------+---------+---------+-------
